TOP OF THE 1ST |
Oceanside Aviators batting - Pitching for Athletic Club KC Reserves : RHP Eric Lang
|
Pitching: RHP Eric Lang
|
|
Batting: RHB José Ramírez
|
0-0: Ball 1-0: Foul Ball, location: 2F 1-1: Ball 2-1: Ground out 1-3 (Groundball, 13)
|
Batting: RHB Gerald Ambler
|
0-0: Ground out 6-3 (Groundball, 6M)
|
Batting: RHB Karl Schultz
|
0-0: Ball 1-0: Swinging Strike 1-1: Called Strike 1-2: Strikes out swinging
|
Top of the 1st over - 0 run(s), 0 hit(s), 0 error(s), 0 left on base; Oceanside 0 - Athletic Club KC 0 |
BOTTOM OF THE 1ST |
Athletic Club KC Reserves batting - Pitching for Oceanside Aviators : RHP George Frazier
|
Pitching: RHP George Frazier
|
|
Batting: LHB Kenko Ueda
|
0-0: Foul Ball, location: 2F 0-1: Fly out, F7 (Line Drive, 78S)
|
Batting: RHB Karl Stevens
|
0-0: Ball 1-0: Called Strike 1-1: Foul Ball, location: 2F 1-2: SINGLE (Groundball, 4D)
|
Batting: LHB Rafael García
|
0-0: Ball 1-0: Called Strike 1-1: Ball 2-1: Swinging Strike 2-2: Foul Ball, location: 2F 2-2: Ball 3-2: Strikes out looking
|
Batting: RHB Nick Simmons
|
0-0: Ball 1-0: Swinging Strike 1-1: Foul Ball, location: 2F 1-2: Strikes out swinging
|
Bottom of the 1st over - 0 run(s), 1 hit(s), 0 error(s), 1 left on base; Oceanside 0 - Athletic Club KC 0 |
TOP OF THE 2ND |
Oceanside Aviators batting - Pitching for Athletic Club KC Reserves : RHP Eric Lang
|
Batting: RHB Bernardo Herrera
|
0-0: Ball 1-0: Foul Ball, location: 2F 1-1: SINGLE (Line Drive, 56D)
|
Batting: LHB Jason Tagwerker
|
0-0: Ball 1-0: Fielders Choice at 2nd, 1-6 (Groundball, 25)
|
Batting: SHB Stephen Fraven
|
0-0: Called Strike 0-1: Ball 1-1: Ball 2-1: Ball 3-1: DOUBLE (Line Drive, 3L) Jason Tagwerker to third
|
Batting: SHB Michael Coleman
|
0-0: Ball 1-0: Swinging Strike 1-1: Foul Ball, location: 2F 1-2: Ball 2-2: Strikes out looking
|
Batting: RHB Jacob Holt
|
0-0: Foul Ball, location: 2F 0-1: Ball 1-1: Fly out, F9 (Popup, 34D)
|
Top of the 2nd over - 0 run(s), 2 hit(s), 0 error(s), 2 left on base; Oceanside 0 - Athletic Club KC 0 |
BOTTOM OF THE 2ND |
Athletic Club KC Reserves batting - Pitching for Oceanside Aviators : RHP George Frazier
|
Batting: RHB Robert Hill
|
0-0: Called Strike 0-1: Ball 1-1: Ball 2-1: Fly out, F9 (Flyball, 89S)
|
Batting: RHB Adam Hennessey
|
0-0: Called Strike 0-1: Fly out, F7 (Flyball, 78S)
|
Batting: RHB Jason Dunn
|
0-0: Ball 1-0: Swinging Strike 1-1: Ball 2-1: Ball 3-1: Base on Balls
|
Batting: RHB Eddie O'Bryan
|
0-0: Fielders Choice at 2nd, 5-4 (Groundball, 56)
|
Bottom of the 2nd over - 0 run(s), 0 hit(s), 0 error(s), 0 left on base; Oceanside 0 - Athletic Club KC 0 |
TOP OF THE 3RD |
Oceanside Aviators batting - Pitching for Athletic Club KC Reserves : RHP Eric Lang
|
Batting: RHB Juan Torres
|
0-0: Foul Ball, location: 2F 0-1: Swinging Strike 0-2: Ball 1-2: Strikes out swinging
|
Batting: RHB José Ramírez
|
0-0: Called Strike 0-1: Swinging Strike 0-2: Strikes out swinging
|
Batting: RHB Gerald Ambler
|
0-0: Ball 1-0: Ball 2-0: Ball 3-0: Called Strike 3-1: Foul Ball, location: 2F 3-2: Strikes out swinging
|
Top of the 3rd over - 0 run(s), 0 hit(s), 0 error(s), 0 left on base; Oceanside 0 - Athletic Club KC 0 |
BOTTOM OF THE 3RD |
Athletic Club KC Reserves batting - Pitching for Oceanside Aviators : RHP George Frazier
|
Batting: RHB Allen Murphy
|
0-0: Ball 1-0: Ball 2-0: Fly out, F9 (Flyball, 89D)
|
Batting: LHB Kenko Ueda
|
0-0: Ball 1-0: Foul Ball, location: 2F 1-1: Foul Ball, location: 2F 1-2: Fly out, F9 (Line Drive, 89S)
|
Batting: RHB Karl Stevens
|
0-0: Ball 1-0: Ball 2-0: Ball 3-0: Base on Balls
|
Batting: LHB Rafael García
|
0-0: Ball 1-0: Ball 2-0: Foul Ball, location: 2F 2-1: Fly out, F8 (Flyball, 8LM)
|
Bottom of the 3rd over - 0 run(s), 0 hit(s), 0 error(s), 1 left on base; Oceanside 0 - Athletic Club KC 0 |
TOP OF THE 4TH |
Oceanside Aviators batting - Pitching for Athletic Club KC Reserves : RHP Eric Lang
|
Batting: RHB Karl Schultz
|
0-0: Called Strike 0-1: Ground out 6-3 (Groundball, 6)
|
Batting: RHB Bernardo Herrera
|
0-0: Ground out 5-3 (Groundball, 5S)
|
Batting: LHB Jason Tagwerker
|
0-0: Swinging Strike 0-1: Ball 1-1: Fly out, F7 (Flyball, 7LM)
|
Top of the 4th over - 0 run(s), 0 hit(s), 0 error(s), 0 left on base; Oceanside 0 - Athletic Club KC 0 |
BOTTOM OF THE 4TH |
Athletic Club KC Reserves batting - Pitching for Oceanside Aviators : RHP George Frazier
|
Batting: RHB Nick Simmons
|
0-0: Foul Ball, location: 2F 0-1: Fly out, F7 (Flyball, 78M)
|
Batting: RHB Robert Hill
|
0-0: Ball 1-0: Called Strike 1-1: Swinging Strike 1-2: Ground out 6-3 (Groundball, 6M)
|
Batting: RHB Adam Hennessey
|
0-0: Ball 1-0: Ball 2-0: Ball 3-0: Called Strike 3-1: Base on Balls
|
Batting: RHB Jason Dunn
|
0-0: Called Strike 0-1: Fly out, F4 (Line Drive, 4)
|
Bottom of the 4th over - 0 run(s), 0 hit(s), 0 error(s), 1 left on base; Oceanside 0 - Athletic Club KC 0 |
TOP OF THE 5TH |
Oceanside Aviators batting - Pitching for Athletic Club KC Reserves : RHP Eric Lang
|
Batting: SHB Stephen Fraven
|
0-0: Called Strike 0-1: Ball 1-1: Ball 2-1: Ground out 6-3 (Groundball, 6)
|
Batting: SHB Michael Coleman
|
0-0: Ball 1-0: Ball 2-0: Fly out, F8 (Line Drive, 8LD)
|
Batting: RHB Jacob Holt
|
0-0: Foul Ball, location: 2F 0-1: SINGLE (Line Drive, 4D)
|
Batting: RHB Juan Torres
|
0-0: Ball 1-0: Ball 2-0: Swinging Strike 2-1: Foul Ball, location: 2F 2-2: DOUBLE (Line Drive, 78M) Jacob Holt to third
|
Batting: RHB José Ramírez
|
0-0: Ball Wild Pitch! Jacob Holt scores Juan Torres to third 1-0: Ball 2-0: Ball 3-0: Base on Balls
|
Batting: RHB Gerald Ambler
|
0-0: Swinging Strike 0-1: Ball 1-1: Called Strike 1-2: Strikes out swinging
|
Top of the 5th over - 1 run(s), 2 hit(s), 0 error(s), 2 left on base; Oceanside 1 - Athletic Club KC 0 |
BOTTOM OF THE 5TH |
Athletic Club KC Reserves batting - Pitching for Oceanside Aviators : RHP George Frazier
|
Batting: RHB Eddie O'Bryan
|
0-0: Ball 1-0: Called Strike 1-1: Called Strike 1-2: DOUBLE (Line Drive, 7LM)
|
Batting: RHB Allen Murphy
|
0-0: Ball 1-0: Swinging Strike Passed Ball! Eddie O'Bryan to third 1-1: Ball 2-1: Swinging Strike 2-2: Strikes out swinging
|
Batting: LHB Kenko Ueda
|
0-0: Fly out, F7 (Flyball, 78D) Runner from 3rd tags up, SCORES, no throw
|
Batting: RHB Karl Stevens
|
0-0: Ball 1-0: Ball 2-0: Called Strike 2-1: Fly out, F8 (Flyball, 8RM)
|
Bottom of the 5th over - 1 run(s), 1 hit(s), 0 error(s), 0 left on base; Oceanside 1 - Athletic Club KC 1 |
TOP OF THE 6TH |
Oceanside Aviators batting - Pitching for Athletic Club KC Reserves : RHP Eric Lang
|
Batting: RHB Karl Schultz
|
0-0: Ball 1-0: Foul Ball, location: 2F 1-1: Ground out 6-3 (Groundball, 6)
|
Batting: RHB Bernardo Herrera
|
0-0: Ground out 6-3 (Groundball, 6)
|
Batting: LHB Jason Tagwerker
|
0-0: SINGLE (Groundball, 6MD)
|
Batting: SHB Stephen Fraven
|
0-0: Called Strike 0-1: Foul Ball, location: 2F 0-2: Ball 1-2: Ball 2-2: Ball 3-2: DOUBLE (Line Drive, 7LS) Jason Tagwerker to third Jason Tagwerker scores
|
Batting: SHB Michael Coleman
|
0-0: Ball 1-0: Foul Ball, location: 2F 1-1: Fly out, F6 (Line Drive, 6MD)
|
Top of the 6th over - 1 run(s), 2 hit(s), 0 error(s), 1 left on base; Oceanside 2 - Athletic Club KC 1 |
BOTTOM OF THE 6TH |
Athletic Club KC Reserves batting - Pitching for Oceanside Aviators : RHP George Frazier
|
Batting: LHB Rafael García
|
0-0: Ball 1-0: Fly out, F7 (Popup, 5D)
|
Batting: RHB Nick Simmons
|
0-0: Ball 1-0: Swinging Strike 1-1: Swinging Strike 1-2: Strikes out looking
|
Batting: RHB Robert Hill
|
0-0: Called Strike 0-1: Ball 1-1: Called Strike 1-2: Ball 2-2: Ball 3-2: Foul Ball, location: 2F 3-2: Strikes out looking
|
Bottom of the 6th over - 0 run(s), 0 hit(s), 0 error(s), 0 left on base; Oceanside 2 - Athletic Club KC 1 |
TOP OF THE 7TH |
Oceanside Aviators batting - Pitching for Athletic Club KC Reserves : RHP Eric Lang
|
Batting: RHB Jacob Holt
|
0-0: Ball 1-0: Called Strike 1-1: Ground out 4-3 (Groundball, 4M)
|
Batting: RHB Juan Torres
|
0-0: Called Strike 0-1: Ground out 6-3 (Groundball, 6D)
|
Batting: RHB José Ramírez
|
0-0: Ball 1-0: Foul Ball, location: 2F 1-1: Fly out, F7 (Line Drive, 7M)
|
Top of the 7th over - 0 run(s), 0 hit(s), 0 error(s), 0 left on base; Oceanside 2 - Athletic Club KC 1 |
BOTTOM OF THE 7TH |
Athletic Club KC Reserves batting - Pitching for Oceanside Aviators : RHP George Frazier
|
Batting: RHB Adam Hennessey
|
0-0: Ball 1-0: Called Strike 1-1: SINGLE (Groundball, 34D) (infield hit)
|
Batting: RHB Jason Dunn
|
0-0: Bunted foul 0-1: Sac Bunt - play at first, batter OUT! 1-4 Adam Hennessey to second
|
Pinch Hitting: LHB Eduardo López
|
0-0: Ground out 4-3 (Groundball, 4) Adam Hennessey to third
|
Batting: RHB Allen Murphy
|
0-0: Called Strike 0-1: Swinging Strike 0-2: Ball 1-2: Ball 2-2: Strikes out swinging
|
Bottom of the 7th over - 0 run(s), 1 hit(s), 0 error(s), 1 left on base; Oceanside 2 - Athletic Club KC 1 |
TOP OF THE 8TH |
Oceanside Aviators batting - Pitching for Athletic Club KC Reserves : RHP Eric Lang
|
Now at 3B: Justin Miles
|
|
Batting: RHB Gerald Ambler
|
0-0: Foul Ball, location: 2F 0-1: Ball 1-1: Foul Ball, location: 2F 1-2: Ball 2-2: Ball 3-2: Foul Ball, location: 2F 3-2: Fly out, F9 (Flyball, 9M)
|
Batting: RHB Karl Schultz
|
0-0: SINGLE (Line Drive, 34)
|
Batting: RHB Bernardo Herrera
|
0-0: Ball 1-0: Called Strike 1-1: Fly out, F7 (Flyball, 78S)
|
Batting: LHB Jason Tagwerker
|
0-0: Called Strike 0-1: Fly out, F6 (Line Drive, 6M)
|
Top of the 8th over - 0 run(s), 1 hit(s), 0 error(s), 1 left on base; Oceanside 2 - Athletic Club KC 1 |
BOTTOM OF THE 8TH |
Athletic Club KC Reserves batting - Pitching for Oceanside Aviators : RHP George Frazier
|
Now in CF: Pancho Montoya
|
|
Batting: LHB Kenko Ueda
|
0-0: Ball 1-0: Ball 2-0: Ball 3-0: Base on Balls
|
Batting: RHB Karl Stevens
|
0-0: Bunted foul 0-1: Bunted foul 0-2: Grounds into double play, U4-3 (Groundball, 4)
|
Batting: LHB Rafael García
|
0-0: Foul Ball, location: 2F 0-1: Ball 1-1: Foul Ball, location: 2F 1-2: Ball 2-2: Ground out 4-3 (Groundball, 4)
|
Bottom of the 8th over - 0 run(s), 0 hit(s), 0 error(s), 0 left on base; Oceanside 2 - Athletic Club KC 1 |
TOP OF THE 9TH |
Oceanside Aviators batting - Pitching for Athletic Club KC Reserves : RHP Eric Lang
|
Pitching: LHP Carlos Vargas
|
|
Batting: SHB Stephen Fraven
|
0-0: Called Strike 0-1: Called Strike 0-2: Ball 1-2: Strikes out swinging
|
Batting: SHB Michael Coleman
|
0-0: Called Strike 0-1: Foul Ball, location: 2F 0-2: Ball 1-2: Foul Ball, location: 2F 1-2: Fly out, F9 (Flyball, 9M)
|
Batting: RHB Jacob Holt
|
0-0: Swinging Strike 0-1: Ball 1-1: Fly out, F8 (Flyball, 89D)
|
Top of the 9th over - 0 run(s), 0 hit(s), 0 error(s), 0 left on base; Oceanside 2 - Athletic Club KC 1 |
BOTTOM OF THE 9TH |
Athletic Club KC Reserves batting - Pitching for Oceanside Aviators : RHP George Frazier
|
Pitching: RHP Connor Phelps
|
|
Batting: RHB Nick Simmons
|
0-0: Ball 1-0: Ball 2-0: Ball 3-0: Base on Balls
|
Batting: RHB Robert Hill
|
0-0: Ball 1-0: Grounds into double play, U6-3 (Groundball, 6M)
|
Batting: RHB Adam Hennessey
|
0-0: Foul Ball, location: 2F 0-1: Foul Ball, location: 2F 0-2: Ground out 6-3 (Groundball, 6M)
|
Bottom of the 9th over - 0 run(s), 0 hit(s), 0 error(s), 0 left on base; Oceanside 2 - Athletic Club KC 1 |
|